 Dungeon Crawl Stone Soup version 0.30-a0-737-gf23d94013f (webtiles) character file.

Game seed: 1768286304069127565

63913 KleinerIrrer the Fencer (level 15, -20/113 HPs)
             Began as a Barachi Fighter on Feb 2, 2023.
             Was the Champion of Zin.
             Demolished by a frost giant
             ... wielding a +1 battleaxe of freezing
              (22 damage)
             ... on level 13 of the Dungeon on Feb 3, 2023.
             The game lasted 01:12:47 (23270 turns).

KleinerIrrer the Fencer (Barachi Fighter)          Turns: 23270, Time: 01:12:48

Health: -20/113    AC: 19    Str: 20    XL:     15   Next: 11%
Magic:  21/21      EV: 21    Int: 13    God:    Zin [******]
Gold:   391        SH:  7    Dex: 21    Spells: 14/14 levels left

rFire   + . .      SeeInvis +    T - +0 scimitar (heavy)
rCold   + . .      Faith    .    c - +0 buckler
rNeg    + . .      Spirit   .    O - +0 acid dragon scales
rPois   ∞          Reflect  .    x - +2 helmet
rElec   +          Harm     .    P - +1 cloak {rCorr}
rCorr   +          Rampage  .    I - +0 pair of gloves
Will    ++...                    i - +1 pair of boots
Stlth   +                        X - amulet of regeneration
HPRegen 1.18/turn                Y - ring of the Sky {rElec rF+ rN+ Will+ rCorr}
MPRegen 0.17/turn                J - ring of protection from cold

@: vitalised, studying Throwing, slow
A: amphibious, slowness 1, strong legs 2, +LOS, see invisible, frail 1
a: Hop, Renounce Religion, Recite, Vitalisation, Imprison, Sanctuary, Donate
Gold


You were on level 13 of the Dungeon.
You worshipped Zin.
Zin was exalted by your worship.
You visited 4 branches of the dungeon, and saw 21 of its levels.
You visited 1 bazaar.
You also visited: Bailey and Ice Cave.

You collected 1901 gold pieces.
You spent 1336 gold pieces at shops.
You donated 174 gold pieces to Zin.

Inventory:

Hand Weapons
 L - a +2 scimitar of flaming
 R - a +5 arbalest of freezing
 T - a +0 heavy scimitar (weapon)
Missiles
 h - 4 silver javelins
 j - 5 throwing nets
 G - 11 atropa-tipped darts
 H - 15 javelins
Armour
 c - a +0 buckler (worn)
 i - a +1 pair of boots (worn)
 x - a +2 helmet (worn)
 I - a +0 pair of gloves (worn)
 O - +0 acid dragon scales (worn)
 P - a +1 cloak of preservation (worn)
 V - a +1 scale mail of fire resistance
Jewellery
 y - a ring of protection from fire
 D - a ring of poison resistance
 J - a ring of protection from cold (right hand)
 X - an amulet of regeneration (around neck)
 Y - the ring of the Sky (left hand) {rElec rF+ rN+ Will+ rCorr}
   (You found it on level 3 of the Lair of Beasts)

   [ring of protection from fire]

   rF:        It protects you from fire.
   rElec:     It insulates you from electricity.
   rN:        It protects you from negative energy.
   rCorr:     It protects you from acid and corrosion.
   Will:      It increases your willpower.
Wands
 d - a wand of flame (28)
 u - a wand of digging (4)
 F - a wand of roots (19)
 M - a wand of paralysis (15)
 U - a wand of mindburst (20)
 W - a wand of light (10)
Scrolls
 a - 3 scrolls of brand weapon
 b - a scroll of silence
 e - a scroll of poison
 f - a scroll of summoning {unknown}
 k - 2 scrolls of immolation
 m - a scroll of enchant weapon
 s - 2 scrolls of fear
 v - 2 scrolls of fog
 A - 3 scrolls of magic mapping
 C - 5 scrolls of teleportation
 E - 4 scrolls of vulnerability
 S - 4 scrolls of blinking
Potions
 g - 10 potions of curing
 l - a potion of ambrosia
 n - 5 potions of attraction
 o - 3 potions of flight
 p - a potion of might
 q - 4 potions of haste
 r - 2 potions of magic
 t - 4 potions of heal wounds
 z - 3 potions of resistance
 B - 2 potions of brilliance
 K - a potion of berserk rage
 Z - a potion of mutation
Miscellaneous
 w - a phantom mirror


   Skills:
 + Level 14.1 Fighting
 + Level 17.8 Long Blades
 + Level 11.0 Armour
 + Level 13.1 Dodging
 - Level 6.9 Shields
 + Level 9.2 Invocations


You had 14 spell levels left.
You didn't know any spells.
Your spell library contained the following spells:

 Spells                   Type           Power      Damage    Failure   Level
 Apportation              Tloc           0%         N/A       43%         1
 Kiss of Death            Conj/Necr      0%         2d5       43%         1
 Magic Dart               Conj           0%         1d3       43%         1
 Sandblast                Erth           0%         2d4       43%         1
 Slow                     Hex            0%         N/A       43%         1
 Sting                    Tmut/Pois      0%         1d3       43%         1
 Blink                    Tloc           0%         N/A       58%         2
 Call Imp                 Summ           0%         N/A       58%         2
 Ensorcelled Hibernation  Hex/Ice        0%         N/A       58%         2
 Lesser Beckoning         Tloc           0%         N/A       58%         2
 Momentum Strike          Conj/Tloc      0%         3d8       58%         2
 Passwall                 Tmut/Erth      0%         N/A       58%         2
 Confusing Touch          Hex            0%         N/A       82%         3
 Gell's Gravitas          Tloc           0%         N/A       82%         3
 Hailstorm                Conj/Ice       0%         3d3       82%         3
 Ignite Poison            Fire/Tmut/Pois 0%         N/A       82%         3
 Kindle Blastsparks       Fire/Tloc/Air  0%         2d10      82%         3
 Mephitic Cloud           Conj/Pois/Air  0%         N/A       82%         3
 Ozocubu's Armour         Ice            0%         N/A       82%         3
 Spider Form              Tmut/Pois      0%         N/A       82%         3
 Stone Arrow              Conj/Erth      0%         3d7       82%         3
 Swiftness                Air            0%         N/A       82%         3
 Teleport Other           Tloc           0%         N/A       82%         3
 Vampiric Draining        Necr           0%         2d6       82%         3
 Airstrike                Air            0%         2d(0-16)  99%         4
 Dispel Undead            Necr           0%         3d6       99%         4
 Ice Form                 Ice/Tmut       0%         N/A       99%         4
 Summon Lightning Spire   Summ/Air       0%         N/A       99%         4
 Alistair's Intoxication  Tmut/Pois      0%         N/A       100%        5
 Freezing Cloud           Conj/Ice/Air   0%         6-21      100%        5
 Lightning Bolt           Conj/Air       0%         1d11      100%        5
 Simulacrum               Ice/Necr       0%         N/A       100%        6
 Ozocubu's Refrigeration  Ice            0%         4d7       100%        7
 Polar Vortex             Ice            0%         N/A       100%        9


Dungeon Overview and Level Annotations

Branches:
Dungeon (13/15)            Temple (1/1) D:4            Lair (5/5) D:8
 Shoals (0/4) Lair:3        Snake (0/4) Lair:3        Slime (0/5) Lair:4
    Orc (2/2) D:9             Elf (0/3) Orc:2        Bailey (visited)
  IceCv (visited)
 Vaults: D:13-14

Altars:
Ashenzari
Cheibriados
Elyvilon
Fedhas
Hepliaklqana
Okawaru
Qazlal
Ru
Sif Muna
Trog
Uskayaw
Vehumet
Xom
Yredelemnul
Zin
The Shining One

Shops:
D:6 *   D:7 *   Orc:1 *=

Annotations:
D:3 3 runed translucent doors, Zaque's ghost, weakling MiBe
D:6 exclusion: oklob plant
D:8 1 runed translucent door, bezhaha's ghost, novice OgRe


Innate Abilities, Weirdness & Mutations

You are amphibious.
You cover ground slowly.
You can hop long distances.
You have an extended range of vision and can be seen from far away.
You have supernaturally acute eyesight. (SInv)
You are frail. (-10% HP)


Message History

Boing!
You enter the shallow water.
You start resting.
You are ready to recite again.
You start resting.
You are ready to hop once more.
You start resting.
A frost giant is nearby!
You remove your ring of poison resistance.
J - a ring of protection from cold (right hand)
You feel much better. The frost giant completely misses you.
You hit the frost giant.
The frost giant is lightly wounded.
The frost giant splashes around in the water.
You slash the frost giant!
The frost giant is lightly wounded.
The frost giant hits you with a +1 battleaxe of freezing!
The frost giant freezes you.
You cut the frost giant into ribbons!!!
The frost giant is heavily wounded.
The frost giant casts a spell at you. The bolt of cold misses you.
You slash the frost giant!
The frost giant is severely wounded.
You are engulfed in freezing vapours.
You resist.
The frost giant hits you with a +1 battleaxe of freezing!!!
The frost giant freezes you!
The frost giant hits you with a +1 battleaxe of freezing!!
* * * LOW HITPOINT WARNING * * *
The frost giant freezes you.
* * * LOW HITPOINT WARNING * * *
As you read the scroll of fear, it crumbles to dust.
You assume a fearsome visage.
The deep elf high priest looks frightened!
The frost giant resists with some effort.
You are engulfed in freezing vapours.
You resist.
* * * LOW HITPOINT WARNING * * *
The frost giant hits you with a +1 battleaxe of freezing!!
You die...

############ ####..........####
###................###
##.........~~e........##
#........~~~≈≈~~.......##
.......~~~~≈≈~≈~~~......# ######
......≈~~~≈≈≈~≈≈≈≈~.....## #.....
.....~~≈########C≈~~.....# #.....
....~~≈≈#,,,,,,#@≈≈~~....# #.....
...≈~≈≈≈#,,,,,,#°≈≈≈~....###...>.
...~≈≈≈##,,,,,,##≈≈≈~~....##.....
..~~≈≈##,,,**,,,##≈≈≈~....#......
..~####,,,****,,,####≈....#......
..~#,,,,,,****,,,,,,#≈~..##......
.~)#,,,,,*,**,*,,,,,#≈~.##.......
Y...,,,,***,,***,,,,#≈≈.'........
....C,,,***,,***,,,,#≈~.'.......#


You could see a frost giant and a deep elf high priest (blind, fleeing).

Vanquished Creatures
  Rupert (Lair:5)
  Gastronok (Orc:1)
  A reaper (IceCv)
  A fire dragon (Lair:5)
  Harold (Orc:1)
  4 hydras
  3 centaur warriors (D:13)
  A catoblepas (Lair:5)
  Erica (Orc:1)
  2 two-headed ogres
  8 death yaks
  Amaemon (Lair:1)
  Sonja (Lair:3)
  A fire crab (Lair:5)
  A skeletal warrior (D:11)
  A necromancer (Lair:4)
  A lindwurm (Lair:5)
  Pikel (D:4)
  3 orc sorcerers (Orc:2)
  An orc knight (Orc:1)
  An ugly thing (D:13)
  3 cyclopes
  An ice statue (IceCv)
  6 black mambas
  2 molten gargoyles (Lair:5)
  13 cane toads
  A torpor snail (Lair:4)
  A gargoyle (D:10)
  An unseen horror (D:11)
  An orange demon (Lair:1)
  10 komodo dragons
  A tengu conjurer (D:13)
  3 anaconda simulacra (IceCv)
  An efreet (D:13)
  An ice devil (IceCv)
  8 trolls
  A hornet (D:8)
  2 polar bears (Lair:5)
  14 blink frogs
  4 dream sheep (Lair:5)
  Sigmund (D:3)
  2 wraiths
  2 shadows (D:11)
  10 slime creatures
  A dire elephant simulacrum (IceCv)
  A ynoxinul (D:10)
  8 wyverns
  39 yaks
  2 basilisks
  3 death yak simulacra (IceCv)
  3 steam dragons
  11 vampire mosquitoes
  4 acid dragons
  3 nagas (Lair:3)
  Duvessa (D:4)
  3 hell hounds (Lair:5)
  16 water moccasins
  A hydra simulacrum (IceCv)
  21 orc warriors
  A sky beast (D:8)
  10 wolves
  5 ogres
  3 boggarts (D:12)
  5 centaurs
  A phantom (D:4)
  9 bullfrogs
  3 kobold brigands
  Blork the orc (D:5)
  A gnoll sergeant (D:9)
  6 two-headed ogre simulacra
  2 scorpions
  4 wights (D:8)
  Dowan (D:4)
  3 elephant simulacra (IceCv)
  9 killer bees
  7 howler monkeys
  5 electric eels
  4 lava snakes (Lair:5)
  9 jellies
  9 hounds
  14 orc priests
  3 iguanas (D:4)
  Natasha (twice) (D:3)
  14 orc wizards
  5 hell rats (Lair:2)
  4 polar bear simulacra
  10 spriggan simulacra
  3 yak simulacra (Lair:4)
  5 troll simulacra
  7 wolf simulacra
  Robin (D:4)
  12 gnolls
  5 adders
  7 naga simulacra
  8 white imps (IceCv)
  An ufetubus (IceCv)
  2 worms (D:2)
  4 dart slugs
  86 orcs
  3 ball pythons
  5 bats
  18 endoplasms
  3 giant cockroaches (D:4)
  13 goblins
  15 hobgoblins
  7 jackals
  5 quokkas
  4 frilled lizards
  10 kobolds
  5 rats
  4 river rat simulacra (Lair:4)
625 creatures vanquished.

Vanquished Creatures (others)
  A black mamba (Lair:5)
  21 fungi
  22 plants
44 creatures vanquished.

Grand Total: 669 creatures vanquished

Notes
Turn   | Place    | Note
-------+----------+-------------------------------------------
     0 | D:1      | KleinerIrrer the Barachi Fighter began the quest for the
                  | Orb.
     0 | D:1      | Reached XP level 1. HP: 18/18 MP: 1/1
    88 | D:1      | Reached skill level 3 in Long Blades
   247 | D:1      | Reached XP level 2. HP: 24/24 MP: 2/2
   903 | D:2      | Reached skill level 4 in Long Blades
   954 | D:2      | Reached XP level 3. HP: 29/29 MP: 3/3
  1592 | D:3      | Found a faded altar of an unknown god.
  1659 | D:3      | Found a shimmering altar of Xom.
  1670 | D:3      | Noticed Sigmund
  1893 | D:3      | Killed Sigmund
  1894 | D:3      | Reached skill level 5 in Long Blades
  1894 | D:3      | Reached XP level 4. HP: 32/36 MP: 4/4
  1894 | D:3      | Reached XP level 5. HP: 36/41 MP: 5/5
  2037 | D:3      | Found a runed translucent gate.
  2037 | D:3      | Found a runed translucent gate.
  2039 | D:3      | Noticed Zaque's ghost (weakling MiBe)
  2055 | D:3      | Reached skill level 6 in Long Blades
  2080 | D:3      | Found a runed translucent gate.
  2337 | D:3      | Reached XP level 6. HP: 46/47 MP: 6/6
  2431 | D:3      | Noticed Natasha
  2438 | D:3      | Killed Natasha
  2490 | D:3      | Noticed Natasha
  2500 | D:3      | Killed Natasha
  2641 | D:4      | Reached skill level 5 in Armour
  2904 | D:4      | Noticed Dowan
  2904 | D:4      | Noticed Duvessa
  2904 | D:4      | Noticed Robin
  3043 | D:4      | Killed Robin
  3072 | D:4      | Reached skill level 7 in Long Blades
  3072 | D:4      | Reached XP level 7. HP: 38/52 MP: 7/7
  3207 | D:4      | Noticed Pikel
  3224 | D:4      | Killed Pikel
  3225 | D:4      | Reached skill level 8 in Long Blades
  3225 | D:4      | Reached skill level 5 in Shields
  3225 | D:4      | Reached XP level 8. HP: 4/59 MP: 8/8
  3472 | D:4      | Found a staircase to the Ecumenical Temple.
  3483 | Temple   | Entered the Ecumenical Temple
  3499 | Temple   | Became a worshipper of Zin the Law-Giver
  3499 | Temple   | Reached * piety under Zin
  3681 | D:4      | Killed Duvessa
  3704 | D:4      | Killed Dowan
  4003 | D:5      | Entered Level 5 of the Dungeon
  4080 | D:5      | Reached skill level 9 in Long Blades
  4109 | D:5      | Noticed Blork the orc
  4123 | D:5      | Killed Blork the orc
  4438 | D:5      | Reached ** piety under Zin
  4812 | D:5      | Gained mutation: You are frail. (-10% HP) [potion of
                  | mutation]
  4812 | D:5      | Gained mutation: You have supernaturally acute eyesight.
                  | (SInv) [potion of mutation]
  4920 | D:5      | Reached XP level 9. HP: 44/58 MP: 4/9
  5506 | D:6      | Noticed an oklob plant
  5552 | D:5      | Reached skill level 10 in Long Blades
  5919 | D:6      | Found Kugien's General Store.
  5928 | D:6      | Bought a scroll of magic mapping for 97 gold pieces
  6397 | D:7      | Found Qyedipui's Assorted Antiques.
  6435 | D:7      | Bought a scroll labelled HIRPHA WUUMOS for 24 gold pieces
  6435 | D:7      | Bought a glowing falchion for 144 gold pieces
  6435 | D:7      | Bought a scroll labelled LAGYSKAMNA for 24 gold pieces
  6680 | D:7      | Reached skill level 5 in Fighting
  7053 | D:7      | Reached *** piety under Zin
  7065 | D:7      | Paralysed by a kobold brigand for 3 turns
  7069 | D:7      | Found a hazy altar of Hepliaklqana.
  7069 | D:7      | Found a faded altar of an unknown god.
  7079 | D:7      | Reached skill level 5 in Dodging
  7238 | D:7      | Reached skill level 11 in Long Blades
  7244 | D:7      | Reached XP level 10. HP: 59/68 MP: 10/10
  7433 | D:8      | Found a flagged portal.
  7446 | Bailey   | Entered a bailey
  7945 | Bailey   | Reached **** piety under Zin
  7969 | Bailey   | Identified the +0 plate armour of the Constellations {rN++}
  8423 | D:7      | Reached skill level 12 in Long Blades
  8454 | D:8      | Found a staircase to the Lair.
  9269 | D:8      | Found a runed translucent door.
  9270 | D:8      | Noticed bezhaha's ghost (novice OgRe)
  9289 | D:8      | Reached skill level 13 in Long Blades
  9991 | D:9      | Found a staircase to the Orcish Mines.
 10241 | D:9      | Reached XP level 11. HP: 65/77 MP: 9/11
 10353 | D:9      | Reached skill level 1 in Invocations
 10476 | D:9      | Found a white marble altar of Elyvilon.
 10476 | D:9      | Found an iron altar of Okawaru.
 10477 | D:9      | Found a radiant altar of Vehumet.
 10478 | D:9      | Found a blossoming altar of Fedhas.
 10755 | D:10     | Entered Level 10 of the Dungeon
 10881 | D:10     | Reached ***** piety under Zin
 11094 | D:10     | Found a bloodstained altar of Trog.
 11108 | D:10     | Found a shimmering blue altar of Sif Muna.
 11116 | D:10     | Got Sif Muna's Atlas of Space
 11316 | D:10     | Noticed a two-headed ogre
 11323 | D:10     | Killed a two-headed ogre
 11324 | D:10     | Reached skill level 14 in Long Blades
 11655 | Lair:1   | Entered Level 1 of the Lair of Beasts
 11997 | Lair:1   | Noticed Amaemon
 12012 | Lair:1   | Killed Amaemon
 12509 | Lair:1   | Reached XP level 12. HP: 79/86 MP: 12/14
 12976 | Lair:2   | Reached skill level 15 in Long Blades
 12996 | Lair:2   | Noticed a death yak
 12997 | Lair:2   | Noticed a death yak
 13014 | Lair:2   | Noticed a death yak
 13014 | Lair:2   | Noticed a death yak
 13224 | Lair:1   | Killed a death yak
 13225 | Lair:1   | Reached skill level 10 in Fighting
 13227 | Lair:1   | Killed a death yak
 13339 | Lair:1   | Killed a death yak
 13348 | Lair:1   | Killed a death yak
 13349 | Lair:1   | Reached skill level 5 in Invocations
 13577 | Lair:2   | Identified the +9 mace of Subjectivity {heavy, MP+9 SInv}
 14025 | Lair:2   | Reached skill level 10 in Dodging
 14533 | Lair:3   | Noticed Sonja
 14550 | Lair:3   | Found a staircase to the Shoals.
 14552 | Lair:3   | Identified the ring of the Sky {rElec rF+ rN+ Will+ rCorr}
 14761 | Lair:3   | Found a staircase to the Snake Pit.
 14849 | Lair:3   | Killed Sonja
 14980 | Lair:3   | You fall into a shaft and drop 1 floor!
 15028 | Lair:4   | Gained mutation: You can hop long distances. [Barachi
                  | growth]
 15028 | Lair:4   | Reached XP level 13. HP: 74/95 MP: 13/17
 15037 | Lair:4   | Reached skill level 16 in Long Blades
 15114 | Lair:4   | Found a staircase to the Slime Pits.
 15478 | Lair:4   | Found a glowing silver altar of Zin.
 16164 | Lair:5   | Entered Level 5 of the Lair of Beasts
 16947 | Lair:5   | Noticed Rupert
 16952 | Lair:5   | Found a large runed translucent door.
 16952 | Lair:5   | Found a large runed translucent door.
 16952 | Lair:5   | Noticed a fire dragon
 17185 | Lair:5   | Killed Rupert
 17291 | Lair:5   | Reached XP level 14. HP: 95/104 MP: 19/19
 17530 | Lair:5   | Reached skill level 17 in Long Blades
 18365 | Orc:1    | Entered Level 1 of the Orcish Mines
 18365 | Orc:1    | Found Weudatem's Jewellery Emporium.
 18431 | Orc:1    | Reached ****** piety under Zin
 18540 | Orc:1    | Noticed Harold
 18553 | Orc:1    | Killed Harold
 18573 | Orc:1    | Noticed Erica
 18596 | Orc:1    | Killed Erica
 18630 | Orc:1    | Noticed Gastronok
 18663 | Orc:1    | Killed Gastronok
 18782 | Orc:1    | Found Jutun's CLEARANCE SALE!.
 18845 | Orc:2    | Entered Level 2 of the Orcish Mines
 18881 | Orc:1    | Bought a ring of protection from cold for 400 gold pieces
 18971 | Orc:2    | Paralysed by an orc sorcerer for 4 turns
 19203 | Orc:2    | Found a frozen archway.
 19215 | IceCv    | Entered an ice cave
 19999 | IceCv    | Reached skill level 10 in Armour
 20156 | IceCv    | Noticed a reaper
 20167 | IceCv    | Killed a reaper
 20432 | Orc:2    | Found a staircase to the Elven Halls.
 20572 | Orc:2    | Noticed an orc warlord
 21059 | D:11     | Got the Dissertation on Changing and Refrigeration
 22736 | D:13     | Found a flickering gateway to a bazaar.
 22749 | Bazaar   | Entered a bazaar
 22749 | Bazaar   | Found Asehireu's Distillery.
 22749 | Bazaar   | Found Ilu Tunutt's Book Shoppe.
 22749 | Bazaar   | Found Humalled's Antique Weapon Emporium.
 22749 | Bazaar   | Found Tigig's Magic Scroll Emporium.
 22767 | Bazaar   | Bought a scroll of teleportation for 36 gold pieces
 22767 | Bazaar   | Bought a scroll of fear for 48 gold pieces
 22767 | Bazaar   | Bought a scroll of brand weapon for 114 gold pieces
 22767 | Bazaar   | Bought a scroll of teleportation for 36 gold pieces
 22767 | Bazaar   | Bought a scroll of enchant weapon for 90 gold pieces
 22767 | Bazaar   | Bought a scroll of brand weapon for 114 gold pieces
 22773 | Bazaar   | Bought a potion of heal wounds for 55 gold pieces
 22773 | Bazaar   | Bought a potion of haste for 110 gold pieces
 22773 | Bazaar   | Bought a potion of might for 44 gold pieces
 22851 | D:13     | Reached XP level 15. HP: 102/113 MP: 21/21
 23218 | D:13     | Noticed a frost giant
 23269 | D:13     | HP: 3/113 [frost giant/+1 battleaxe of freezing (5)]
 23270 | D:13     | HP: 1/113 [frost giant] (2)]
 23270 | D:13     | Demolished by a frost giant

Illustrated notes

Levels and vault maps discovered:
D:1:      psy_arrival_conway, layout_loops_corners, hangedman_decor_push,
          corexii_leaking_fountain
D:2:      layout_loops_cross, minmay_randomly_rotated_circles
D:3:      layout_loops_ring, mainiacjoe_overflow_24_doors,
          gammafunk_ghost_split, ebering_ecumenical_altar_rust,
          nicolae_figureground_pulse, uniq_sigmund, uniq_natasha
D:4:      layout_loops_cross, minmay_temple_entry_antechambers, uniq_robin,
          uniq_duvessa, uniq_pikel
D:5:      layout_gridville, amcnicky_mini_pool_small, uniq_blork_the_orc
D:6:      lemuel_slime, layout_cave_pools, serial_shops, nicolae_lakefront_shop,
          nicolae_elevator_lobby_plus
D:7:      layout_loops_ring, beargit_hepliaklqana_dungeon_heroes, serial_shops,
          nicolae_shop_crystal
D:8:      layout_layer_cave, erik_lair_island, gammafunk_ghost_grave,
          enter_bailey_4
D:9:      layout_loops_ring, minitemple, orc_0_dummy, minivault_16, st_stairs_5
D:10:     layout_gridville, nzn_overflow_gifts_of_might_and_magic
D:11:     layout_roguey, serial_park_tiny_1
D:12:     layout_loops_ring, kennysheep_generic_room_9
D:13:     cross_vault, layout_irregular_city, serial_shops, bzr_entry_water
Temple:   nicolae_temple_bog_church
Lair:1:   layout_cave_pods, serial_bayou_shore_a, uniq_amaemon
Lair:2:   layout_gridlike, grunt_megastairs_2
Lair:3:   layout_cave_pods, elwin_shoals_entry_rocks,
          guppyfry_snake_entry_garden, uniq_sonja
Lair:4:   layout_cave_pods, minmay_slime_entry_pillars, basic_altar,
          eino_house_with_fridge, serial_bayou_shore_b, lemuel_fruit_fields
Lair:5:   cheibrodos_lair_end_hotspot, layout_layer_cave,
          nicolae_quartered_pool_super, nicolae_lair_lindhole, uniq_rupert
Orc:1:    layout_caves, serial_shops, shop, nicolae_shop_clearance, uniq_erica,
          uniq_harold, uniq_gastronok
Orc:2:    grunt_orc_cross, layout_caves, portal_ice_cave_entry_ice_simulacra,
          uniq_urug

Skill      XL: |  1  2  3  4  5  6  7  8  9 10 11 12 13 14 15 |
---------------+----------------------------------------------+-----
Long Blades    | 3 4 5 6 7 8 9 11 13 14 15 16 17 | 17.8
Armour         | 4 5 6 7 9 10 11 | 11.0
Shields        | 4 5 6 |  6.9
Dodging        | 2 3 5 7 8 10 11 12 13 | 13.1
Fighting       | 5 7 9 11 12 14 | 14.1
Invocations    | 3 6 7 9 |  9.2

Action                     |  1- 3 |  4- 6 |  7- 9 | 10-12 | 13-15 || total
---------------------------+-------+-------+-------+-------+-------++-------
  Melee: Long sword        |   145 |   159 |   394 |       |       ||   698
         Falchion          |       |       |    81 |   577 |   139 ||   797
         Scimitar          |       |       |       |   320 |   808 ||  1128
 Invoke: Vitalisation      |       |       |       |     2 |     5 ||     7
         Recite            |       |       |       |     1 |     2 ||     3
Ability: Hop               |     1 |       |     1 |     1 |     7 ||    10
  Evoke: Wand              |       |       |       |     3 |     7 ||    10
    Use: Potion            |     3 |     2 |    10 |     2 |     5 ||    22
         Scroll            |       |       |     6 |    16 |    12 ||    34
   Stab: Sleeping          |       |       |       |     1 |       ||     1
         Petrified         |       |       |       |       |     2 ||     2
         Distracted        |       |       |       |       |     1 ||     1
         Confused          |       |       |       |       |     1 ||     1
 Armour: Scale mail        |   125 |    77 |   201 |       |       ||   403
         Steam dragon scal |       |       |     8 |    53 |       ||    61
         Acid dragon scale |       |       |       |   298 |   327 ||   625
  Dodge: Dodged            |   103 |    81 |   224 |   654 |   741 ||  1803
  Block: Buckler           |    38 |    38 |   126 |   261 |   289 ||   752

Table legend: (Time is in decaauts)
 A = Elapsed time spent in this place.
 B = Non-inter-level travel time spent in this place.
 C = Inter-level travel time spent in this place.
 D = Time resting spent in this place.
 E = Time spent auto-exploring this place.
 F = Levels seen in this place.
 G = Mean time per level.
                   A        B        C        D        E       F      G
               +--------+--------+--------+--------+--------+-----+--------+
         Total |  25959 |  24002 |   1957 |   3115 |  14461 |  24 | 1081.6 |
       Dungeon |  15449 |  14197 |   1252 |   1618 |   9353 |  13 | 1188.4 |
        Temple |     36 |      5 |     31 |      0 |      0 |   1 |   36.0 |
          Lair |   7285 |   6698 |    587 |    872 |   4311 |   5 | 1457.0 |
  Orcish Mines |   1295 |   1209 |     86 |    258 |    459 |   2 |  647.5 |
        Bazaar |     53 |     53 |      0 |      0 |      0 |   1 |   53.0 |
        Bailey |    584 |    584 |      0 |    123 |     40 |   1 |  584.0 |
      Ice Cave |   1255 |   1255 |      0 |    243 |    296 |   1 | 1255.0 |
               +--------+--------+--------+--------+--------+-----+--------+

Top non-repeatable levels by time:
  Lair:5: 2044 daAuts
     D:8: 1860 daAuts
  Lair:1: 1704 daAuts
     D:7: 1634 daAuts
  Lair:4: 1564 daAuts
     D:6: 1466 daAuts
  Lair:2: 1373 daAuts
     D:3: 1289 daAuts
     D:4: 1255 daAuts
   IceCv: 1255 daAuts
     D:5: 1198 daAuts
    D:12: 1120 daAuts
     D:9: 1110 daAuts
     D:1: 1031 daAuts
    D:10: 1017 daAuts
